 Dungeon Crawl Stone Soup version 0.28.0-53-g5a82cb258f (webtiles) character file.

Game seed: 9633198734960076019

23 MayBe the Sneak (level 2, -1/22 HPs)
             Began as a Naga Enchanter on Aug 10, 2022.
             Slain by an adder (2 damage)
             ... on level 2 of the Dungeon.
             The game lasted 00:26:46 (2632 turns).

MayBe the Sneak (Naga Enchanter)                    Turns: 2632, Time: 00:26:47

Health: -1/22      AC:  1    Str: 10    XL:     2   Next: 95%
Magic:  1/5        EV: 10    Int: 21    God:
Gold:   71         SH:  0    Dex: 11    Spells: 3/5 levels left

rFire   . . .      SeeInvis +   d - staff of conjuration
rCold   . . .      Faith    .   (no shield)
rNeg    . . .      Spirit   .   b - +0 robe
rPois   +          Reflect  .   (no helmet)
rElec   .          Harm     .   (no cloak)
rCorr   .          Rampage  .   (no gloves)
Will    .....                   (no barding)
Stlth   +++.......              (no amulet)
HPRegen 0.07/turn               p - +6 ring of intelligence
MPRegen 0.09/turn               (no ring)

@: very slow
A: AC +0, large, see invisible, deformed body, poison resistance, slowness 2,
spit poison 1, naga tail 1
a: Spit Poison


You were on level 2 of the Dungeon.
You visited 1 branch of the dungeon, and saw 2 of its levels.

You collected 71 gold pieces.

Inventory:

Hand Weapons
 a - a +1 dagger
 f - a +0 dagger
 g - a +0 club
 l - a +0 club
 o - a +0 dagger
 r - a +0 whip
Missiles
 h - 79 stones
 j - 20 bolts
 s - 16 arrows
Armour
 b - a +0 robe (worn)
 e - a +0 robe
 i - a +0 chain mail
 m - a +0 ring mail
Magical Staves
 d - a staff of conjuration (weapon)
Jewellery
 p - a +6 ring of intelligence (left hand)
Scrolls
 k - a scroll of holy word {unknown}
 n - a scroll of magic mapping {unknown}
Potions
 c - a potion of invisibility
 q - a potion of curing {unknown}


   Skills:
 + Level 1.0 Short Blades
 + Level 1.7 Dodging
 + Level 5.0 Stealth
 + Level 2.4 Spellcasting
 + Level 3.2 Hexes
 + Level 0.2 Ice Magic


You had 3 spell levels left.
You knew the following spells:

 Your Spells              Type           Power      Damage    Failure   Level
a - Ensorcelled Hibernat  Hex/Ice        18%        N/A       11%         2

Your spell library contained the following spells:

 Spells                   Type           Power      Damage    Failure   Level
 Confusing Touch          Hex            16%        N/A       12%         3
 Tukima's Dance           Hex            16%        N/A       12%         3
 Dazzling Flash           Conj/Hex       26%        N/A       22%         3


Dungeon Overview and Level Annotations

Branches:
Dungeon (2/15)

Altars:

Shops:
D:2 *

Annotations:
D:2 1 runed translucent door, Crazy Yiuf


Innate Abilities, Weirdness & Mutations

Your serpentine skin is tough. (AC +0)
You have supernaturally acute eyesight. (SInv)
Armour fits poorly on your strangely shaped body.
Your system is resistant to poisons. (rPois)
You cover ground very slowly.
You can spit poison.
You have a snake-like lower body.


Message History

The adder hisses angrily.
There is an open door here.
The adder closely misses you. The adder bites you. The adder bites you.
The adder bites you. x2
Casting: Ensorcelled Hibernation (safe; 11% risk of failure)
Confirm with . or Enter, or press ? or * to list all spells.
Aiming: Ensorcelled Hibernation (safe; 11% risk of failure)
Press: ? - help, Shift-Dir - straight line, f - adder
Aim: an adder (chance to affect: 51%)
The adder resists with some effort.
The adder bites you.
You are poisoned.
The adder poisons you! The adder closely misses you.
Casting: Ensorcelled Hibernation (safe; 11% risk of failure)
Confirm with . or Enter, or press ? or * to list all spells.
Aiming: Ensorcelled Hibernation (safe; 11% risk of failure)
Press: ? - help, Shift-Dir - straight line, f/p - adder
Aim: an adder (chance to affect: 51%)
The adder looks drowsy...
You feel sick.
The helpless adder fails to defend itself.
You hit the adder.
The adder is lightly wounded.
You feel sick. The adder bites you.
* * * LOW HITPOINT WARNING * * *
The adder bites you.
* * * LOW HITPOINT WARNING * * *
You miss the adder.
The adder is lightly wounded.
You feel sick.
You are no longer poisoned.
The adder bites you.
* * * LOW HITPOINT WARNING * * *
You hit the adder.
The adder is heavily wounded.
The adder completely misses you. The adder closely misses you.
You hit the adder.
The adder is severely wounded.
The adder misses you. The adder bites you.
You die...

#.........##....... ######
#.........##.....>. #....#
#.........##....... #....#
#.........##....... ##....######
#÷........##....... ...........#
#......∩..##....... ...........#
#..................
...........####..................
................@S..........####.
........#####+#######'####..####.
........###....r###.....###......
........##.....###.....####.####.
........#.....###.....###.#.# #.
........#....###.....###..#.# ##
........+...###.....###...+.#####
........#..######+####S...#......
........#.###.#...bb#.....#.#####


You could see 2 adders and a rat.

Vanquished Creatures
  A dart slug (D:1)
  3 bats
  4 endoplasms (D:1)
  A goblin (D:1)
  A hobgoblin (D:1)
  A quokka (D:1)
  4 ball pythons
  2 frilled lizards (D:1)
  2 kobolds
19 creatures vanquished.

Notes
Turn   | Place    | Note
-------+----------+-------------------------------------------
     0 | D:1      | MayBe the Naga Enchanter began the quest for the Orb.
     0 | D:1      | Reached XP level 1. HP: 15/15 MP: 3/3
   390 | D:1      | Reached XP level 2. HP: 1/22 MP: 5/5
   676 | D:1      | Learned a level 2 spell: Ensorcelled Hibernation
  2094 | D:2      | Reached skill level 5 in Stealth
  2241 | D:2      | Found a runed translucent door.
  2242 | D:2      | Noticed Crazy Yiuf
  2348 | D:2      | Found Rurown's General Store.
  2630 | D:2      | HP: 1/22 [adder (2)]
  2632 | D:2      | Slain by an adder

Illustrated notes

Levels and vault maps discovered:
D:1:      roderic_dead_forest, layout_loops_cross
D:2:      layout_basic, serial_shops, shop, minmay_quadrilaterals,
          uniq_crazy_yiuf_cottage

Skill      XL: |  1  2 |
---------------+-------+-----
Stealth        | 5 |  5.0
Short Blades   | |  1.0
Dodging        | |  1.7
Spellcasting   | |  2.4
Hexes          | |  3.2
Ice Magic      | |  0.2

Action                   || total
-------------------------++-------
Melee: Staff             ||    52
       Dagger            ||    12
       Punch             ||     1
 Cast: Ensorcelled Hiber ||    16
 Abil: Spit Poison       ||     2
 Stab: Sleeping          ||    11
Armor: Robe              ||    12
Dodge: Dodged            ||    45
